 Dungeon Crawl Stone Soup version 0.30-a0-808-g6e0788376e (webtiles) character file.

Game seed: 1803565368877053337

62 dolemite99 the Vexing (level 4, -2/34 HPs)
             Began as a Gnoll Hexslinger on Feb 27, 2023.
             Was an Initiate of Elyvilon.
             Killed from afar by an orc wizard (8 damage)
             ... with a puff of flame
             ... on level 3 of the Dungeon.
             The game lasted 00:03:10 (1820 turns).

dolemite99 the Vexing (Gnoll Hexslinger)            Turns: 1820, Time: 00:03:10

Health: -2/34      AC:  3    Str: 10    XL:     4   Next: 8%
Magic:  8/8        EV: 13    Int: 14    God:    Elyvilon [......]
Gold:   99         SH:  0    Dex: 12    Spells: 4/8 levels left

rFire   . . .      SeeInvis .    a - +1 sling
rCold   . . .      Faith    .    (no shield)
rNeg    . . .      Spirit   .    c - +0 robe
rPois   .          Reflect  .    (no helmet)
rElec   .          Harm     .    (no cloak)
rCorr   .          Rampage  .    (no gloves)
Will    .....                    f - +0 pair of boots
Stlth   ++                       (no amulet)
HPRegen 0.25/turn                (no ring)
MPRegen 0.11/turn                (no ring)

@: mighty
A: fangs 1, strong nose, distributed training
a: Renounce Religion


You were on level 3 of the Dungeon.
You worshipped Elyvilon.
Elyvilon was noncommittal.
You visited 1 branch of the dungeon, and saw 3 of its levels.

You collected 99 gold pieces.

Inventory:

Hand Weapons
 a - a +1 sling (weapon)
Missiles
 i - 6 curare-tipped darts
 l - 6 poisoned darts
Armour
 c - a +0 robe (worn)
 f - a +0 pair of boots (worn)
Jewellery
 h - a ring of magical power
Scrolls
 b - 4 scrolls of poison
 d - a scroll of teleportation
 m - a scroll of fog
Potions
 e - a potion of brilliance {unknown}
 g - a potion of flight {unknown}
 j - a potion of might
 k - a potion of attraction {unknown}
 n - a potion of magic {unknown}


   Skills:
 + Level 2.7 Fighting
 + Level 1.0 Short Blades
 + Level 1.0 Long Blades
 + Level 1.0 Axes
 + Level 1.0 Maces & Flails
 + Level 1.0 Polearms
 + Level 1.0 Staves
 + Level 4.6 Ranged Weapons
 + Level 1.0 Throwing
 + Level 1.0 Armour
 + Level 4.6 Dodging
 + Level 1.0 Stealth
 + Level 1.0 Shields
 + Level 1.0 Unarmed Combat
 + Level 2.9 Spellcasting
 + Level 0.8 Conjurations
 + Level 5.4 Hexes
 + Level 0.8 Summonings
 + Level 0.8 Necromancy
 + Level 0.8 Translocations
 + Level 0.8 Transmutations
 + Level 0.8 Fire Magic
 + Level 0.8 Ice Magic
 + Level 0.8 Air Magic
 + Level 0.8 Earth Magic
 + Level 0.8 Poison Magic
 + Level 1.1 Invocations
 + Level 1.0 Evocations


You had 4 spell levels left.
You knew the following spells:

 Your Spells              Type           Power      Damage    Failure   Level
a - Slow                  Hex            68%        N/A       2%          1
b - Inner Flame           Hex/Fire       10%        N/A       19%         3

Your spell library contained the following spells:

 Spells                   Type           Power      Damage    Failure   Level
 Portal Projectile        Hex/Tloc       20%        N/A       19%         3
 Cause Fear               Hex            8%         N/A       22%         4


Dungeon Overview and Level Annotations

Branches:
Dungeon (3/15)

Altars:
Elyvilon
Wu Jian

Annotations:
D:2 1 runed translucent door, Crazy Yiuf
D:3 Sigmund


Innate Abilities, Weirdness & Mutations

You have very sharp teeth.
Your uncanny sense of smell can sniff out nearby items.
Your experience applies equally to all skills.


Message History

You shoot a sling bullet.
The sling bullet closely misses the jackal.
Something hits you but does no damage.
You shoot a sling bullet.
The sling bullet closely misses the jackal.
Something barely misses you. Something hits you.
You shoot a sling bullet. Something hits you.
You shoot a sling bullet.
The sling bullet closely misses the jackal.
Something hits you.
You shoot a sling bullet.
The sling bullet hits the jackal but does no damage.
Something hits you.
You shoot a sling bullet. Something barely misses you.
You shoot a sling bullet.
The sling bullet closely misses the jackal.
You hear some strange, mumbled words.
Something tries to affect you, but you resist.
You hear some strange, mumbled words.
A puff of flame appears from out of thin air!
The puff of flame hits you!
* * * LOW HITPOINT WARNING * * *
You shoot a sling bullet.
The sling bullet barely misses the jackal.
Something hits you.
* * * LOW HITPOINT WARNING * * *
You shoot a sling bullet.
The sling bullet closely misses the jackal.
Something hits you.
* * * LOW HITPOINT WARNING * * *
You shoot a sling bullet.
The sling bullet barely misses the jackal.
Something hits you.
* * * LOW HITPOINT WARNING * * *
It was a potion of might.
You feel very mighty all of a sudden.
You hear some strange, mumbled words.
A puff of flame appears from out of thin air!
The puff of flame hits you!
You die...

#_.#.#.# #..#.#.#
..##.#.#######
###.........>#
)....#######.#
.##### #.# ## #.#
####### #.######
......######..h{@.#
#####.........###.#
#.........# .#
...#≈........# .#
....≈≈........# .#
>....≈....)...# .#
≈≈...#......h.# ..
....########.## ##
#### #.#


You could see a jackal.

Vanquished Creatures
  A worm (D:2)
  A dart slug (D:2)
  3 orcs (D:3)
  6 endoplasms
  4 giant cockroaches (D:1)
  4 hobgoblins (D:1)
  A jackal (D:3)
  5 kobolds
  2 quokkas (D:1)
  6 ball pythons
  4 bats
  3 frilled lizards
  4 goblins
  7 rats
51 creatures vanquished.

Notes
Turn   | Place    | Note
-------+----------+-------------------------------------------
     0 | D:1      | dolemite99 the Gnoll Hexslinger began the quest for the
                  | Orb.
     0 | D:1      | Reached XP level 1. HP: 17/17 MP: 4/4
   336 | D:1      | Reached XP level 2. HP: 23/23 MP: 5/5
   669 | D:1      | Reached XP level 3. HP: 28/28 MP: 7/7
   854 | D:2      | Reached skill level 1 in Invocations
  1191 | D:2      | Reached skill level 1 in Short Blades
  1191 | D:2      | Reached skill level 1 in Long Blades
  1191 | D:2      | Reached skill level 1 in Axes
  1191 | D:2      | Reached skill level 1 in Maces & Flails
  1191 | D:2      | Reached skill level 1 in Polearms
  1191 | D:2      | Reached skill level 1 in Staves
  1191 | D:2      | Reached skill level 1 in Throwing
  1191 | D:2      | Reached skill level 1 in Armour
  1191 | D:2      | Reached skill level 1 in Stealth
  1191 | D:2      | Reached skill level 1 in Shields
  1191 | D:2      | Reached skill level 1 in Unarmed Combat
  1191 | D:2      | Reached skill level 1 in Evocations
  1312 | D:2      | Found a runed translucent door.
  1313 | D:2      | Noticed Crazy Yiuf
  1515 | D:2      | Learned a level 3 spell: Inner Flame
  1576 | D:3      | Noticed Sigmund
  1684 | D:3      | Found a large runed translucent door.
  1685 | D:3      | Found a large runed translucent door.
  1694 | D:3      | Found an ornate altar of the Wu Jian Council.
  1720 | D:3      | Found a white marble altar of Elyvilon.
  1741 | D:3      | Became a worshipper of Elyvilon the Healer
  1784 | D:3      | Reached XP level 4. HP: 34/34 MP: 8/8
  1820 | D:3      | Killed from afar by an orc wizard

Illustrated notes

Levels and vault maps discovered:
D:1:      minmay_arrival_cross, layout_rooms
D:2:      layout_rooms, uniq_crazy_yiuf_cottage
D:3:      layout_basic, mainiacjoe_overflow_concentric_impassable,
          lemuel_crystal_altar, jmf_multi_god_temple2,
          ebering_ecumenical_altar_abandoned, chequers_serial_rivers_small_b,
          minmay_stone_trees_medium, uniq_sigmund

Skill      XL: |  1  2  3 |
---------------+----------+-----
Invocations    | 1 |  1.1
Short Blades   | 1 |  1.0
Long Blades    | 1 |  1.0
Axes           | 1 |  1.0
Maces & Flails | 1 |  1.0
Polearms       | 1 |  1.0
Staves         | 1 |  1.0
Throwing       | 1 |  1.0
Armour         | 1 |  1.0
Stealth        | 1 |  1.0
Shields        | 1 |  1.0
Unarmed Combat | 1 |  1.0
Evocations     | 1 |  1.0
Fighting       | |  2.7
Ranged Weapons | |  4.6
Dodging        | |  4.6
Spellcasting   | |  2.9
Conjurations   | |  0.8
Hexes          | |  5.4
Summonings     | |  0.8
Necromancy     | |  0.8
Translocations | |  0.8
Transmutations | |  0.8
Fire Magic     | |  0.8
Ice Magic      | |  0.8
Air Magic      | |  0.8
Earth Magic    | |  0.8
Poison Magic   | |  0.8

Action                     |  1- 3 |  4- 6 || total
---------------------------+-------+-------++-------
   Fire: Sling             |   154 |    21 ||   175
   Cast: Slow              |     2 |       ||     2
    Use: Scroll            |     5 |       ||     5
         Potion            |       |     1 ||     1
 Armour: Robe              |     9 |     2 ||    11
  Dodge: Dodged            |    39 |     8 ||    47

Table legend: (Time is in decaauts)
 A = Elapsed time spent in this place.
 B = Non-inter-level travel time spent in this place.
 C = Inter-level travel time spent in this place.
 D = Time resting spent in this place.
 E = Time spent auto-exploring this place.
 F = Levels seen in this place.
 G = Mean time per level.
                   A        B        C        D        E       F      G
               +--------+--------+--------+--------+--------+-----+--------+
         Total |   1851 |   1767 |     84 |    426 |    859 |   3 |  617.0 |
       Dungeon |   1851 |   1767 |     84 |    426 |    859 |   3 |  617.0 |
               +--------+--------+--------+--------+--------+-----+--------+

Top non-repeatable levels by time:
     D:2: 821 daAuts
     D:1: 790 daAuts
     D:3: 239 daAuts
